 Dungeon Crawl Stone Soup version 0.29-a0-266-gf56f883ddd (webtiles) character file.

Game seed: 5135504055026716437

271 frimble the Magician (level 6, -4/46 HPs)
             Began as a Djinni Cinder Acolyte on Mar 7, 2022.
             Was a High Priest of Ignis.
             Slain by a hound (5 damage)
             ... on level 5 of the Dungeon.
             The game lasted 00:03:09 (3894 turns).

frimble the Magician (Djinni Cinder Acolyte)        Turns: 3894, Time: 00:03:09

Health: -4/46      AC:  3    Str: 13    XL:     6   Next: 47%
Gold:   168        EV: 11    Int: 15    God:    Ignis [*****.] SH:  0 Dex: 11

rFire   + + +      SeeInvis .   d - +2 dagger (freeze)
rCold   x . .      Faith    .   (no shield)
rNeg    . . .      Spirit   .   a - +0 robe
rPois   ∞          Reflect  .   j - +0 helmet
rElec   .          Harm     .   (no cloak)
rCorr   .          Rampage  .   (no gloves)
Will    .....                   (boots unavailable)
Stlth   ++........              (no amulet)
HPRegen 0.15/turn               (no ring)
MPRegen 0.00/turn               (no ring)

@: flying
A: sickness immunity, fire resistance 2, cold vulnerability 1, float, innate
caster, HP casting, extra vitality 1
a: Renounce Religion, Fiery Armour, Foxfire Swarm, Rising Flame


You were on level 5 of the Dungeon.
You worshipped Ignis.
Ignis was extremely pleased with you.
You visited 1 branch of the dungeon, and saw 5 of its levels.

You collected 168 gold pieces.

Inventory:

Hand Weapons
 d - a +2 dagger of freezing (weapon)
Missiles
 l - 2 throwing nets
Armour
 a - a +0 robe (worn)
 j - a +0 helmet (worn)
Jewellery
 m - a +4 ring of evasion
Wands
 b - a wand of flame (22)
Scrolls
 c - a scroll of blinking
Potions
 g - a potion of might


   Skills:
 - Level 3.4 Fighting
 + Level 2.7 Short Blades
 + Level 2.4 Stealth
 - Level 3.2 Unarmed Combat
 + Level 3.5 Spellcasting


You had 7 spell levels left.
You knew the following spells:

 Your Spells              Type           Power      Damage    Failure   Level
a - Scorch                Fire           26%        2d6       7%          2
b - Pain                  Necr           52%        1d6       4%          1
c - Corpse Rot            Necr/Air       26%        N/A       7%          2
Your spell library was empty.

Dungeon Overview and Level Annotations

Branches:
Dungeon (5/15)
 Temple: D:4-7

Altars:
Ashenzari
Yredelemnul
Zin

Annotations:
D:4 Blork the orc


Innate Abilities, Weirdness & Mutations

You are immune to sickness and miasma.
You are immune to poison.
Your flesh is very heat resistant. (rF++)
You are vulnerable to cold. (rC-)
You float through the air rather than walking.
You learn spells naturally, not from books.
Your magical power is your life essence.
You have superior vitality. (+4 MHP)


Message History

Aiming: Pain (safe; 4% risk of failure)
Press: ? - help, Shift-Dir - straight line, f/p - hound
Aim: a hound (heavily wounded, chance to affect: 76%)
The hound writhes in agony.
* * * LOW HITPOINT WARNING * * *
The hound closely misses you.
You miss the hound.
The hound is severely wounded.
The hound closely misses you.
You hit the hound. You freeze the hound.
You kill the hound!
Okay, then.
You see here a hound corpse.
You hit the hound. You freeze the hound.
The hound is moderately wounded.
The hound bites you.
* * * LOW HITPOINT WARNING * * *
Okay, then.
Aiming: Throw Flame
Press: ? - help, Shift-Dir - straight line, f - hound
Aim: a hound (moderately wounded, 56% to hit)
The puff of flame misses the hound.
The hound closely misses you. x2
Aiming: Throw Flame
Press: ? - help, Shift-Dir - straight line, f/p - hound
Aim: a hound (moderately wounded, 56% to hit)
The puff of flame hits the hound.
The hound is heavily wounded.
The hound bites you but does no damage.
You hit the hound. You freeze the hound.
The hound is heavily wounded.
The hound bites you.
* * * LOW HITPOINT WARNING * * *
Okay, then.
Casting: Pain (safe; 4% risk of failure)
Confirm with . or Enter, or press ? or * to list all spells.
You don't have enough health to cast this spell.
You hit the hound. You freeze the hound.
The hound is almost dead.
The hound bites you but does no damage. The hound bites you.
You die...

############
#...@......#
#...h......#
.........$....#
.#.......?....#
(..#..........#
## #...........
#...........
...........#
##..........#


You could see a hound.

Vanquished Creatures
  An ice beast (D:4)
  A bullfrog (D:3)
  A hound (D:5)
  2 adders (D:2)
  3 dart slugs
  9 ball pythons
  2 bats
  6 endoplasms
  3 giant cockroaches
  7 goblins
  8 hobgoblins
  4 jackals
  2 quokkas
  3 frilled lizards
  6 kobolds
  5 rats
63 creatures vanquished.

Notes
Turn   | Place    | Note
-------+----------+-------------------------------------------
     0 | D:1      | frimble the Djinni Cinder Acolyte began the quest for the
                  | Orb.
     0 | D:1      | Reached XP level 1. HP: 20/20 MP: 0/0
   157 | D:1      | Found a faded altar of an unknown god.
   218 | D:1      | Reached XP level 2. HP: 12/25 MP: 0/0
  1123 | D:1      | Reached XP level 3. HP: 30/30 MP: 0/0
  1123 | D:1      | Learned a level 1 spell: Pain
  1481 | D:2      | Reached skill level 1 in Short Blades
  1762 | D:2      | Reached XP level 4. HP: 35/35 MP: 0/0
  2216 | D:2      | Reached skill level 1 in Stealth
  2521 | D:3      | Found a basalt altar of Yredelemnul.
  3152 | D:3      | Found a glowing silver altar of Zin.
  3187 | D:3      | Noticed a bullfrog
  3202 | D:3      | Killed a bullfrog
  3203 | D:3      | Reached XP level 5. HP: 23/40 MP: 0/0
  3203 | D:3      | Learned a level 2 spell: Corpse Rot
  3615 | D:4      | Noticed an ice beast
  3637 | D:4      | Killed an ice beast
  3638 | D:4      | Reached XP level 6. HP: 18/46 MP: 0/0
  3860 | D:4      | Found a broken altar of Ashenzari.
  3864 | D:4      | Noticed Blork the orc
  3882 | D:5      | Entered Level 5 of the Dungeon
  3893 | D:5      | HP: 1/46 [hound (4)]
  3894 | D:5      | Slain by a hound

Illustrated notes

Levels and vault maps discovered:
D:1:      psy_arrival_statuary, layout_loops_cross,
          shapermc_ecumenical_altar_rom_forum, minivault_19, dk_noncrumbling_3,
          minmay_tromino_v4_a
D:2:      layout_loops_ring
D:3:      layout_loops_ring, mainiacjoe_overflow_cross_hatched,
          mainiacjoe_overflow_24_doors, hangedman_feature_mirror,
          kennysheep_decorative_pillar
D:4:      layout_loops_cross, evilmike_ruin_ashenzari,
          mainiacjoe_overflow_surrounded_room, nicolae_ru_sacrificial_ziggurat,
          enter_ossuary_4, serial_shops, shop_statue, uniq_blork_the_orc
D:5:      layout_rooms

Skill      XL: |  1  2  3  4  5 |
---------------+----------------+-----
Short Blades   | 1 2 |  2.7
Stealth        | 1 2 |  2.4
Spellcasting   | 3 |  3.5
Fighting       | |  3.4
Unarmed Combat | |  3.2

Action                   |  1- 3 |  4- 6 || total
-------------------------+-------+-------++-------
Melee: Unarmed           |    18 |       ||    18
       Dagger            |   120 |   107 ||   227
       Punch             |     4 |       ||     4
 Cast: Scorch            |       |    10 ||    10
       Pain              |       |     3 ||     3
Evoke: Wand              |       |     2 ||     2
  Use: Scroll            |       |     8 ||     8
       Potion            |       |     4 ||     4
 Stab: Sleeping          |       |     3 ||     3
Armor: Robe              |    27 |    35 ||    62
Dodge: Dodged            |    63 |    90 ||   153

Table legend: (Time is in decaauts)
 A = Elapsed time spent in this place.
 B = Non-inter-level travel time spent in this place.
 C = Inter-level travel time spent in this place.
 D = Time resting spent in this place.
 E = Time spent auto-exploring this place.
 F = Levels seen in this place.
 G = Mean time per level.
                   A        B        C        D        E       F      G
               +--------+--------+--------+--------+--------+-----+--------+
         Total |   3826 |   3696 |    130 |      4 |   3204 |   5 |  765.2 |
       Dungeon |   3826 |   3696 |    130 |      4 |   3204 |   5 |  765.2 |
               +--------+--------+--------+--------+--------+-----+--------+

Top non-repeatable levels by time:
     D:2: 1231 daAuts
     D:1: 1229 daAuts
     D:3: 1068 daAuts
     D:4: 285 daAuts
     D:5: 11 daAuts
